 Dungeon Crawl Stone Soup version 0.30-a0-311-gf115ab0292 (webtiles) character file.

Game seed: 9715161752444224999

31076 ytrimaz the Cleaver (level 13, -1/105 (111) HPs)
             Began as a Formicid Fighter on Oct 25, 2022.
             Was a High Priest of Okawaru.
             Slain by a +5 long sword (18 damage)
             ... on level 14 of the Dungeon.
             The game lasted 00:21:53 (13324 turns).

ytrimaz the Cleaver (Formicid Fighter)             Turns: 13324, Time: 00:21:53

HP:   -1/105 (111)  AC: 37    Str: 27    XL:     13   Next: 93%
MP:   7/18          EV:  8    Int:  5    God:    Okawaru [*****.]
Gold: 660           SH:  7    Dex: 17    Spells: 12/12 levels left

rFire   + + .      SeeInvis +    N - +2 broad axe (elec)
rCold   + . .      Faith    .    c - +0 buckler
rNeg    + + +      Spirit   .    u - +9 scales of the Dragon King {rPois rF+ rC+ Will+}
rPois   +          Reflect  .    (helmet unavailable)
rElec   .          Harm     .    r - +1 cloak
rCorr   .          Rampage  .    C - +0 pair of gloves of an ossuary {Fly rN+ Str+3 Int-5}
Will    ++...                    l - +0 pair of boots
Stlth   ..........               o - amulet of the acrobat
HPRegen 0.37/turn                O - ring of positive energy
MPRegen 0.16/turn                M - ring of Vanity {rF+ rN+ Dex+4}

@: heroic, finesse-ful, flying, drained
A: permanent stasis, dig shafts and tunnels, antennae 3, four strong arms
a: Dig, Shaft Self, Renounce Religion, Heroism, Finesse, Duel


You were on level 14 of the Dungeon.
You worshipped Okawaru.
Okawaru was extremely pleased with you.
You visited 2 branches of the dungeon, and saw 15 of its levels.
You also visited: Bailey and Gauntlet.

You collected 1280 gold pieces.
You spent 620 gold pieces at shops.


Innate Abilities, Weirdness & Mutations

You cannot be hasted, slowed, berserked, paralysed or teleported.
You can dig through walls and to a lower floor.
You have a pair of large antennae on your head. (SInv)
Your four strong arms can wield two-handed weapons with a shield.


   Skills:
 + Level 13.5(18.5) Fighting
 + Level 14.7(19.7) Axes
 + Level 13.0(18.0) Armour
 - Level 4.0(9.0) Shields
 - Level 7.0 Invocations


You had 12 spell levels left.
You didn't know any spells.
Your spell library contained the following spells:

 Spells                   Type           Power      Damage    Failure   Level
 Apportation              Tloc           0%         N/A       100%        1
 Magic Dart               Conj           0%         1d3       100%        1
 Sting                    Tmut/Pois      0%         1d3       100%        1
 Poisonous Vapours        Pois/Air       0%         N/A       100%        2
 Hailstorm                Conj/Ice       0%         3d3       100%        3
 Ignite Poison            Fire/Tmut/Pois 0%         N/A       100%        3
 Inner Flame              Hex/Fire       0%         N/A       100%        3
 Kindle Blastsparks       Fire/Tloc/Air  0%         2d10      100%        3
 Mephitic Cloud           Conj/Pois/Air  0%         N/A       100%        3
 Ozocubu's Armour         Ice            0%         N/A       100%        3
 Flame Wave               Conj/Fire      0%         2d4       100%        4
 Olgreb's Toxic Radiance  Pois           0%         N/A       100%        4
 Sticky Flame             Conj/Fire      0%         2d3       100%        4
 Alistair's Intoxication  Tmut/Pois      0%         N/A       100%        5
 Borgnjor's Vile Clutch   Necr/Erth      0%         N/A       100%        5
 Freezing Cloud           Conj/Ice/Air   0%         6-21      100%        5
 Eringya's Noxious Bog    Tmut/Pois      0%         N/A       100%        6
 Ozocubu's Refrigeration  Ice            0%         4d7       100%        7
 Polar Vortex             Ice            0%         N/A       100%        9
 Call Imp                 Summ           Unusable   N/A       N/A         2
 Simulacrum               Ice/Necr       Unusable   N/A       N/A         6

Inventory:

Hand Weapons
 p - a +1 executioner's axe of flaming
   (You acquired it on level 11 of the Dungeon)
 y - a +2 hand axe of flaming
   (You found it on level 7 of the Dungeon)
 E - a +0 executioner's axe of venom
   (You bought it in a shop on level 11 of the Dungeon)
 N - a +2 broad axe of electrocution (weapon)
   (Okawaru gifted it to you on level 10 of the Dungeon)
 S - a +1 vorpal battleaxe
   (You found it in a Gauntlet)
Missiles
 x - 12 boomerangs
Armour
 c - a +0 buckler (worn)
 l - a +0 pair of boots (worn)
   (You bought it in a shop on level 1 of the Dungeon)
 r - a +1 cloak (worn)
   (You found it on level 2 of the Dungeon)
 u - the +9 scales of the Dragon King (worn) {rPois rF+ rC+ Will+}
   (You found it on level 3 of the Dungeon)

   rF:        It protects you from fire.
   rC:        It protects you from cold.
   rPois:     It protects you from poison.
   Will:      It increases your willpower.
 C - the +0 pair of gloves of an ossuary (worn) {Fly rN+ Str+3 Int-5}
   (You found it on level 12 of the Dungeon)

   Str:       It affects your strength (+3).
   Int:       It affects your intelligence (-5).
   rN:        It protects you from negative energy.
   Fly:       It grants you flight.
 P - the +1 pair of gloves of Uskayaw's Delight {+Blink rN+}
   (You found it in a Gauntlet)

   rN:        It protects you from negative energy.
   +Blink:    It lets you blink.
Jewellery
 m - a ring of wizardry
   (You found it on level 11 of the Dungeon)
 o - an amulet of the acrobat (around neck)
   (You found it on level 8 of the Dungeon)
 w - a ring of resist corrosion
   (You found it on level 11 of the Dungeon)
 F - a +4 ring of protection
   (You took it off a centaur on level 13 of the Dungeon)
 J - a ring of magical power
   (You found it on level 9 of the Dungeon)
 M - the ring of Vanity (right hand) {rF+ rN+ Dex+4}
   (You found it on level 10 of the Dungeon)

   [ring of positive energy]

   Dex:       It affects your dexterity (+4).
   rF:        It protects you from fire.
   rN:        It protects you from negative energy.
 O - a ring of positive energy (left hand)
   (You found it on level 11 of the Dungeon)
 Q - a ring of willpower
   (You found it in a Gauntlet)
 R - a +4 ring of evasion
   (You found it in a Gauntlet)
Wands
 b - a wand of mindburst (30)
   (You found it on level 3 of the Dungeon)
 d - a wand of flame (9) (quivered)
   (You took it off Robin on level 2 of the Dungeon)
 D - a wand of light (8)
   (You found it on level 9 of the Dungeon)
 H - a wand of paralysis (24)
   (You found it on level 8 of the Dungeon)
 K - a wand of iceblast (7)
   (You found it on level 10 of the Dungeon)
 T - a wand of digging (3)
   (You found it on level 12 of the Dungeon)
Scrolls
 e - 2 scrolls of amnesia
 f - 2 scrolls of immolation
 g - a scroll of brand weapon
 h - 2 scrolls of enchant armour
 i - a scroll of fear
 j - 5 scrolls of fog
 k - a scroll of magic mapping
 n - 6 scrolls of poison
 s - a scroll of vulnerability
 A - 2 scrolls of torment
Potions
 a - a potion of haste {unknown}
 q - 2 potions of flight
 t - 3 potions of lignification
 v - a potion of magic
 z - a potion of might
 B - 4 potions of curing
 G - a potion of brilliance
 I - 5 potions of mutation
 L - 2 potions of ambrosia
 V - 2 potions of cancellation {unknown}

Dungeon Overview and Level Annotations

Branches:
Dungeon (14/15) Zot: 26834  Temple (1/1) D:4 Zot: 5775    Lair (0/5) D:8
    Orc (0/2) D:10         Bailey (visited)         Gauntlet (visited)
 Vaults: D:13-14

Altars:
Ashenzari
Cheibriados
Dithmenos
Elyvilon
Fedhas
Gozag
Hepliaklqana
Kikubaaqudgha
Makhleb
Nemelex Xobeh
Okawaru
Qazlal
Ru
Sif Muna
Trog
Uskayaw
Vehumet
Wu Jian
Xom
Yredelemnul
Zin
The Shining One

Shops:
D:1 [   D:3 *   D:5 (   D:6 [   D:7 (   D:11 (

Annotations:
D:9 1 runed translucent door, elisander's ghost, journeyman FoFi

............≈~~.........#
#......l....≈~#..........
#..........~~.#..........
#......H...~≈.....†......
#..........≈............#
#..........~..#.........#
#.......(.)~~.#....†#####
######.#(#{≈..#####......
#.#@#~#.## #######
#....~..# ## #.H..##.#
###. #....##.. #...
#.≈≈.##### #.#. .≈~.#.
...#. .≈~##.. ### #. ###.
#.# #.


You could see 2 manticores, a basilisk and 2 dancing weapons.


Message History

You fail to use your ability.
The +5 long sword hits you but does no damage.
The +2 long sword hits you.
* * * LOW HITPOINT WARNING * * *
A manticore comes into view.
The +5 long sword hits you but does no damage.
The +2 long sword hits you but does no damage. 😱 HP[-3]
You take 3 damage, and now have 6/111 hp.
Okay, then.
You feel better. The +5 long sword barely misses you.
You block the +2 long sword's attack. 😱 HP[+8]
You regained 8 hp, and now have 14/111 hp.
Unknown command.
Aiming: Duel (38% risk of failure)
Press: ? - help, Dir - move target, f/p - centaur warrior
Aim: a centaur warrior, wielding a +0 longbow You enter into single combat with the centaur warrior!
The world spins around you as you enter the gateway.
You enter Okawaru's Arena!
The spectator shouts! x6
The centaur warrior unwields a +0 longbow.
The centaur warrior closely misses you.
The centaur warrior kicks you but does no damage.
Found a gate leading back out of this place.
There is an empty arch of ancient stone here. 😱 MP[-7]
You lost 7 mp, and now have 4/18 mp.
Unknown command.
Okay, then.
You slice the centaur warrior!!
The centaur warrior hits you but does no damage.
The centaur warrior kicks you but does no damage. 😱 HP[+1] MP[+1] Unknown command.
You hit the centaur warrior.
Lightning courses through the centaur warrior!
You hit the centaur warrior but do no damage.
The centaur warrior hits you but does no damage.
The centaur warrior kicks you but does no damage.
You barely miss the centaur warrior. You slice the centaur warrior!!
You kill the centaur warrior!
Okawaru accepts your kill. Okawaru crowns you victorious!
An exit appears.
Your base Armour skill increases to level 13!
Unknown command. 😱 HP[+1] 😱 HP[+1]
The sentinel's mark upon you fades away. 😱 MP[+1]
You start resting.
Okawaru bids you farewell from the Arena. 😱 HP[+4] MP[+1]
You regained 4 hp, and now have 21/111 hp.
There is a gate leading back out of this place here.
Unknown command.
You start resting.
You are returned from the Arena.
Welcome back to the Dungeon!
A freezing wraith comes into view.
The +5 long sword hits you.
* * * LOW HITPOINT WARNING * * *
The +2 long sword hits you but does no damage. 😱 HP[-2] MP[+1]
You take 2 damage, and now have 19/111 hp.
Unknown command.
Okay, then.
Unknown command.
Unknown command.
Okay, then.
Unknown command.
Unknown command.
You extend your mandibles.
Unknown command.
You dig through the rock wall.
You feel drained. You block the +5 long sword's attack.
The +2 long sword closely misses you.
You now have 108 max hp (-3).
Unknown command.
You dig through the rock wall.
You feel drained.
The +5 long sword attacks as you move away!
The +5 long sword hits you.
* * * LOW HITPOINT WARNING * * *
A manticore comes into view.
The +5 long sword misses you. 😱 HP[-2]
You now have 105 max hp (-3).
Unknown command.
Unknown command.
Unknown command.
You feel better. The +5 long sword hits you!
* * * LOW HITPOINT WARNING * * *
A basilisk comes into view. 😱 HP[-1] MP[+1]
You take 1 damage, and now have 16/105 hp.
You feel more confident with your borrowed prowess.
The +5 long sword hits you!!
You die...

Skill      XL: |  1  2  3  4  5  6  7  8  9 10 11 12 13 |
---------------+----------------------------------------+-----
Fighting       | 4 5 6 8 10 12 13 | 13.5
Axes           | 3 4 5 7 10 11 12 13 14 | 14.7
Armour         | 4 7 9 11 13 | 13.0
Invocations    | 2 4 6 7 |  7.0
Shields        | |  4.0

Action                   |  1- 3 |  4- 6 |  7- 9 | 10-12 | 13-15 || total
-------------------------+-------+-------+-------+-------+-------++-------
Melee: War axe           |    65 |   136 |   126 |       |       ||   327
       Hand axe          |       |       |    25 |     6 |     6 ||    37
       Battleaxe         |       |       |    21 |       |       ||    21
       Broad axe         |       |       |    16 |   529 |    74 ||   619
       Executioner's axe |       |       |       |       |    53 ||    53
Invok: Heroism           |       |       |     2 |    14 |     7 ||    23
       Finesse           |       |       |       |     5 |     5 ||    10
       Duel              |       |       |       |       |     1 ||     1
 Abil: Dig               |       |       |       |       |     2 ||     2
Evoke: Wand              |       |       |     8 |       |       ||     8
  Use: Potion            |     1 |       |     5 |     1 |     5 ||    12
       Scroll            |       |    13 |     2 |     5 |     5 ||    25
 Stab: Distracted        |       |       |       |     1 |       ||     1
Armor: Scale mail        |    30 |    12 |       |       |       ||    42
       Gold dragon scale |       |   100 |   183 |   504 |   187 ||   974
       Skin              |       |       |     8 |       |       ||     8
Dodge: Dodged            |    35 |    30 |    32 |   163 |    77 ||   337
Block: Buckler           |    19 |    38 |    62 |   166 |    45 ||   330

Levels and vault maps discovered:
D:1:      shiori_arrival_elements, layout_basic, serial_shops, shop,
          kennysheep_small_spiral
D:2:      layout_rooms, hellmonk_ecumenical_altar_heavens_door, uniq_robin
D:3:      layout_loops_ring, serial_shops, nicolae_shop_stone, serial_undead,
          serial_undead_d, serial_undead_c, serial_undead_a, serial_undead_f,
          serial_undead_e, hex_medium, minivault_5,
          hangedman_abyss_or_decor_stabs
D:4:      layout_basic, mainiacjoe_overflow_surrounded_room,
          minmay_temple_entry_large_hall
D:5:      layout_loops_ring, nicolae_qazlal_scattered_showers,
          kennysheep_little_box, serial_shops,
          nicolae_shop_bloodbath_and_beyond, uniq_sigmund, uniq_prince_ribbit1
D:6:      layout_loops_corners, mainiacjoe_overflow_cross_hatched, led_sif_book,
          grunt_dithmenos_shadows, general_overflow_altar,
          nicolae_shop_dragon_depot
D:7:      layout_gridville, mainiacjoe_overflow_catwalk_spiral, serial_shops,
          nicolae_shop_stone, enter_bailey_2, minmay_splitting_lines
D:8:      layout_basic, mainiacjoe_overflow_alcove_2,
          nicolae_elyvilon_peaceful_grove, minmay_lair_entry_grove, uniq_psyche
D:9:      layout_long_grid, ebering_ghost_xom, uniq_maurice
D:10:     minmay_the_grid_four_pointed_star_mashed
          [minmay_the_grid_triangle_9x9_skeleton,
          minmay_the_grid_triangle_9x9_from_above,
          minmay_the_grid_triangle_9x9_steps,
          minmay_the_grid_triangle_9x9_wacky_v,
          minmay_the_grid_prize_diamond_cup], layout_rooms, david_orc_2
D:11:     layout_loops_cross, gauntlet_entry_generic, serial_shops,
          kennysheep_mini, serial_glass, glass_columns_a, glass_columns_a,
          item_on_display_a, due_unseen_surprise, minivault_22
D:12:     layout_roguey, minmay_misc_feat_hallway, grunt_ministairs_11,
          uniq_sonja, uniq_gastronok
D:13:     layout_rooms
D:14:     layout_basic, erik_vaults_1, serial_rivers,
          chequers_serial_rivers_small_a, chequers_serial_rivers_small_b,
          chequers_serial_rivers_marsh, chequers_serial_rivers_micro_c,
          chequers_serial_rivers_marsh, chequers_serial_rivers_micro_d,
          glass_columns_a, minmay_fractal_squares_diagonal_5
Temple:   bh_familiar_temple

Notes
Turn   | Place    | Note
-------+----------+-------------------------------------------
     0 | D:1      | ytrimaz the Formicid Fighter began the quest for the Orb.
     0 | D:1      | Reached XP level 1. HP: 18/18 MP: 1/1
     0 | D:1      | magus.rc [v1.9.6]
   126 | D:1      | Reached XP level 2. HP: 24/24 MP: 2/2
   416 | D:1      | Found Zofo's Armour Shop.
   431 | D:1      | Bought a +0 pair of boots for 58 gold pieces
   671 | D:2      | Reached XP level 3. HP: 30/30 MP: 3/3
   734 | D:2      | Noticed Robin
   741 | D:2      | Reached skill level 4 in Fighting
   745 | D:2      | Killed Robin
   746 | D:2      | Reached skill level 3 in Axes
   828 | D:2      | Noticed a phantom
   858 | D:2      | Killed a phantom
   859 | D:2      | Reached XP level 4. HP: 24/38 MP: 4/4
   859 | D:2      | Reached XP level 5. HP: 27/43 MP: 5/5
  1026 | D:2      | Reached skill level 5 in Fighting
  1121 | D:2      | Found a faded altar of an unknown god.
  1285 | D:3      | Found the +9 scales of the Dragon King {rPois rF+ rC+
                  | Will+}
  1444 | D:3      | Reached skill level 4 in Axes
  1525 | D:3      | Found Digoluloeq's Assorted Antiques.
  2060 | D:3      | Reached XP level 6. HP: 50/50 MP: 6/6
  2335 | D:4      | Found a staircase to the Ecumenical Temple.
  2471 | D:4      | Reached skill level 4 in Armour
  2742 | D:4      | Found an ancient bone altar of Kikubaaqudgha.
  2921 | Temple   | Entered the Ecumenical Temple
  3116 | Temple   | Became a worshipper of Warmaster Okawaru
  3171 | D:5      | Entered Level 5 of the Dungeon
  3224 | D:5      | Reached skill level 1 in Invocations
  3231 | D:5      | You pick up a book of Party Tricks and begin reading...
  3231 | D:5      | You add the spells Apportation and Alistair's Intoxication
                  | to your library.
  3252 | D:5      | Found a stormy altar of Qazlal.
  3302 | D:5      | Noticed an ice beast
  3306 | D:5      | Killed an ice beast
  3307 | D:5      | Reached skill level 5 in Axes
  3307 | D:5      | Reached skill level 2 in Invocations
  3307 | D:5      | Reached XP level 7. HP: 56/56 MP: 8/8
  3350 | D:5      | Noticed Prince Ribbit
  3374 | D:5      | Reached skill level 3 in Invocations
  3383 | D:5      | Killed Prince Ribbit
  3383 | D:5      | Reached * piety under Okawaru
  3384 | D:5      | Reached skill level 4 in Invocations
  3384 | D:5      | Reached XP level 8. HP: 26/63 MP: 11/11
  3600 | D:5      | Reached skill level 6 in Axes
  3688 | D:5      | Found Keolicit's Weapon Shoppe.
  3753 | D:3      | Bought a crude bardiche for 224 gold pieces
  3753 | D:3      | Identified the +2 bardiche of Overwhelming Force {elec,
                  | Will+} (You bought it in a shop on level 3 of the Dungeon)
  3828 | D:5      | Noticed Sigmund
  3836 | D:5      | Killed Sigmund
  3837 | D:5      | Reached skill level 5 in Invocations
  4042 | D:5      | Found a sparkling altar of Nemelex Xobeh.
  4258 | D:6      | Found a broken altar of Ashenzari.
  4328 | D:6      | Found Garshasp's Dragon-Slaying Spoils.
  4379 | D:6      | Found a blossoming altar of Fedhas.
  4522 | D:6      | Found a shimmering blue altar of Sif Muna.
  4715 | D:6      | Reached skill level 6 in Invocations
  4730 | D:6      | Reached skill level 7 in Axes
  4734 | D:6      | Reached ** piety under Okawaru
  4915 | D:6      | Reached XP level 9. HP: 51/68 MP: 14/14
  5033 | D:6      | Reached skill level 7 in Invocations
  5066 | D:6      | Found a shadowy altar of Dithmenos.
  5074 | D:6      | Reached skill level 8 in Axes
  5432 | D:7      | Reached skill level 9 in Axes
  5451 | D:7      | Found Apticah's Weapon Shop.
  5482 | D:7      | Found a flagged portal.
  5502 | Bailey   | Entered a bailey
  5533 | Bailey   | Reached *** piety under Okawaru
  5709 | Bailey   | Found an iron altar of Okawaru.
  5726 | Bailey   | Reached skill level 6 in Fighting
  5726 | Bailey   | Reached skill level 10 in Axes
  6004 | D:7      | Found a burning altar of Makhleb.
  6006 | D:7      | Found a snail-covered altar of Cheibriados.
  6028 | D:7      | Reached XP level 10. HP: 72/76 MP: 15/15
  6054 | D:7      | Reached skill level 5 in Armour
  6366 | D:7      | Reached **** piety under Okawaru
  6602 | D:8      | Reached skill level 7 in Fighting
  6626 | D:8      | Found a staircase to the Lair.
  6638 | D:8      | Reached skill level 6 in Armour
  6645 | D:8      | HP: 19/79 [basilisk (10)]
  6658 | D:8      | HP: 15/79 [scorpion (2)]
  6664 | D:8      | HP: 13/79 [scorpion (4)]
  6674 | D:8      | HP: 12/79 [water moccasin (3)]
  6679 | D:8      | HP: 10/79 [water moccasin (2)]
  6721 | D:8      | HP: 17/80 [basilisk (7)]
  6730 | D:8      | Reached skill level 11 in Axes
  7040 | D:8      | Reached skill level 8 in Fighting
  7089 | D:8      | Noticed a white ugly thing
  7104 | D:8      | Killed a white ugly thing
  7105 | D:8      | Reached skill level 7 in Armour
  7227 | D:8      | Noticed Psyche
  7233 | D:8      | Killed Psyche
  7233 | D:8      | Reached ***** piety under Okawaru
  7234 | D:8      | Reached XP level 11. HP: 83/87 MP: 16/16
  7377 | D:8      | Found a hazy altar of Hepliaklqana.
  7429 | D:8      | Found a white marble altar of Elyvilon.
  7584 | D:8      | Noticed a two-headed ogre
  7596 | D:8      | Killed a two-headed ogre
  7597 | D:8      | Reached skill level 8 in Armour
  7837 | D:9      | Noticed Maurice
  7865 | D:9      | Killed Maurice
  7866 | D:9      | Reached skill level 9 in Fighting
  8001 | D:9      | Identified the +3 kite shield of Dishonesty {rPois Int+5
                  | Slay-5 SInv} (Okawaru gifted it to you on level 9 of the
                  | Dungeon)
  8001 | D:9      | Received a gift from Okawaru
  8068 | D:9      | You add the spells Ozocubu's Armour and Ozocubu's
                  | Refrigeration to your library.
  8134 | D:9      | Identified the +3 long sword "Qaetiyr" {flame, Will+}
  8172 | D:9      | Reached skill level 12 in Axes
  8346 | D:9      | Reached skill level 9 in Armour
  8393 | D:9      | Found a runed translucent door.
  8396 | D:9      | Found a shimmering altar of Xom.
  8396 | D:9      | Noticed elisander's ghost (journeyman FoFi)
  8397 | D:9      | Noticed a +3 flail of chaos
  8576 | D:10     | Entered Level 10 of the Dungeon
  8610 | D:10     | Noticed a two-headed ogre
  8625 | D:10     | Killed a two-headed ogre
  8626 | D:10     | Reached skill level 10 in Fighting
  8626 | D:10     | Found a staircase to the Orcish Mines.
  8724 | D:10     | You pick up a book of Flames and begin reading...
  8724 | D:10     | You add the spells Inner Flame, Sticky Flame and Flame Wave
                  | to your library.
  8962 | D:10     | Reached XP level 12. HP: 79/98 MP: 17/17
  9173 | D:10     | Reached skill level 10 in Armour
  9277 | D:10     | Noticed a six-headed hydra
  9286 | D:10     | Killed a one-headed hydra
  9314 | D:10     | Reached skill level 11 in Fighting
  9338 | D:10     | Reached skill level 13 in Axes
  9342 | D:10     | Identified the +8 mace of Law {venom, Str-5 Int+5 Stlth+}
  9343 | D:10     | Identified the ring of Vanity {rF+ rN+ Dex+4}
  9349 | D:10     | You pick up a book of Minor Magic and begin reading...
  9349 | D:10     | You add the spells Magic Dart and Mephitic Cloud to your
                  | library.
  9397 | D:10     | Received a gift from Okawaru
  9825 | D:11     | Found a gate leading to a gauntlet.
  9831 | Gauntlet | Entered a Gauntlet
  9831 | Gauntlet | Found a transporter.
  9831 | Gauntlet | Found a transporter.
  9831 | Gauntlet | Found a transporter.
  9832 | Gauntlet | Found a transporter.
  9835 | Gauntlet | Found a transporter.
  9845 | Gauntlet | Found a transporter.
  9910 | Gauntlet | Found a transporter.
  9920 | Gauntlet | Found a transporter.
  9935 | Gauntlet | Found a transporter.
  9945 | Gauntlet | Found a transporter.
  9960 | Gauntlet | Found a transporter.
  9963 | Gauntlet | Found a transporter.
 10062 | Gauntlet | Identified the +1 pair of gloves of Uskayaw's Delight
                  | {+Blink rN+}
 10164 | Gauntlet | Identified +0 gold dragon scales
 10164 | Gauntlet | Noticed a minotaur
 10178 | Gauntlet | Killed a minotaur
 10179 | Gauntlet | Reached skill level 11 in Armour
 10190 | Gauntlet | You add the spells Hailstorm and Polar Vortex to your
                  | library.
 10190 | Gauntlet | Got the Treatise on the Glacier
 10531 | D:11     | Identified the +2 chain mail of Inviolability {rF+ Str+2
                  | Dex+5} (Okawaru gifted it to you on level 11 of the
                  | Dungeon)
 10531 | D:11     | Received a gift from Okawaru
 10611 | D:11     | Noticed a boulder beetle
 10630 | D:11     | Killed a boulder beetle
 10709 | D:11     | You add the spells Kindle Blastsparks, Ignite Poison and
                  | Freezing Cloud to your library.
 10768 | D:11     | Noticed a two-headed ogre
 10776 | D:11     | Killed a two-headed ogre
 10777 | D:11     | Reached skill level 12 in Fighting
 10777 | D:11     | Reached XP level 13. HP: 84/108 MP: 18/18
 10987 | D:11     | Found Egymak's Antique Weapon Shoppe.
 10990 | D:11     | Bought a glowing executioner's axe for 338 gold pieces
 11022 | D:11     | Identified a scroll of acquirement
 11025 | D:11     | Acquired a +1 executioner's axe of flaming
 11104 | D:11     | magus.rc [v1.9.6]
 11408 | D:12     | Noticed Gastronok
 11411 | D:12     | Identified the +0 pair of gloves of an ossuary {Fly rN+
                  | Str+3 Int-5}
 11418 | D:12     | Killed Gastronok
 11643 | D:12     | Noticed Sonja
 11647 | D:12     | Reached skill level 14 in Axes
 11651 | D:12     | HP: 10/109 [Sonja/+0 dagger of distortion (23)]
 11925 | D:12     | Killed Sonja
 11926 | D:12     | Reached skill level 12 in Armour
 12003 | D:13     | Noticed a centaur warrior
 12005 | D:13     | Killed a centaur warrior
 12044 | D:13     | Noticed a centaur warrior
 12047 | D:13     | HP: 21/109 [tengu warrior/+0 long sword (9)]
 12051 | D:13     | HP: 7/109 [centaur warrior/arrow (14)]
 12054 | D:13     | Killed a centaur warrior
 12366 | D:13     | Reached skill level 13 in Fighting
 12653 | D:13     | You add the spells Sting, Poisonous Vapours and Olgreb's
                  | Toxic Radiance to your library.
 12679 | D:13     | Noticed a catoblepas
 12701 | D:13     | Killed a catoblepas
 12701 | D:13     | Identified the +7 hand axe "Qaygilis" {vorpal, rPois Str+3
                  | Int+2 Dex-5} (Okawaru gifted it to you on level 13 of the
                  | Dungeon)
 12701 | D:13     | Received a gift from Okawaru
 12982 | D:13     | You add the spells Borgnjor's Vile Clutch and Eringya's
                  | Noxious Bog to your library.
 13122 | D:14     | Noticed a centaur warrior
 13132 | D:14     | Noticed an eight-headed hydra
 13136 | D:14     | Killed a centaur warrior
 13144 | D:14     | Killed a two-headed hydra
 13269 | D:14     | Noticed a centaur warrior
 13278 | D:14     | Killed a centaur warrior
 13284 | D:14     | Noticed a centaur warrior
 13290 | D:14     | HP: 12/111 [+5 long sword (20)]
 13294 | Arena    | Entered the Arena
 13299 | Arena    | Killed a centaur warrior
 13300 | Arena    | Reached skill level 13 in Armour
 13320 | D:14     | HP: 19/111 [+5 long sword (4)]
 13324 | D:14     | Slain by a +5 long sword

Vanquished Creatures
  Gastronok (D:12)
  A minotaur (Gauntlet)
  2 hydras
  5 two-headed ogres
  A catoblepas (D:13)
  5 centaur warriors
  A boulder beetle (D:11)
  3 tengu warriors (D:13)
  Sonja (D:12)
  An obsidian statue (Gauntlet)
  A deep elf pyromancer (D:12)
  2 cyclopes (D:11)
  3 manticores
  An ugly thing (D:8)
  Maurice (D:9)
  2 unseen horrors
  Psyche (D:8)
  An efreet (Gauntlet)
  2 komodo dragons
  A freezing wraith (D:14)
  Prince Ribbit (D:5)
  7 trolls
  A wind drake (shapeshifter) (D:10)
  A hornet (D:9)
  A slime creature (D:14)
  Sigmund (D:5)
  5 shadows
  3 wyverns
  3 basilisks
  23 yaks
  A fire elemental (Gauntlet)
  2 vampire mosquitoes (D:13)
  A steam dragon (D:6)
  2 acid dragons
  2 hell hounds (Gauntlet)
  2 water moccasins (D:8)
  7 orc warriors
  A meliai simulacrum (D:14)
  4 black bears
  An ice beast (D:5)
  11 centaurs
  3 phantoms
  11 kobold brigands
  2 bullfrogs (D:7)
  A scorpion (D:8)
  4 wights (D:6)
  18 killer bees
  5 howler monkeys
  3 orc priests
  A gnoll bouda (D:10)
  3 jellies (D:5)
  4 iguanas
  8 orc wizards
  A hound zombie (D:3)
  Robin (D:2)
  7 adders
  5 gnolls (D:10)
  A howler monkey skeleton (D:3)
  A white imp (D:7)
  An ufetubus (D:6)
  An adder zombie (D:3)
  An adder skeleton (D:3)
  A worm (D:3)
  5 dart slugs
  28 orcs
  6 endoplasms
  3 giant cockroaches (D:1)
  15 goblins
  7 hobgoblins
  6 jackals
  33 kobolds
  A quokka (D:4)
  5 ball pythons
  A ball python zombie (D:3)
  6 bats
  5 frilled lizards
  5 rats
325 creatures vanquished.

Vanquished Creatures (others)
  A shadow (D:11)
  A bush (D:8)
  2 demonic plants (Gauntlet)
  A fungus (D:8)
  14 plants (D:8)
  A withered plant (D:3)
20 creatures vanquished.

Grand Total: 345 creatures vanquished

Table legend:
 A = Non-vault XP
 B = Vault XP
 C = Vault XP percentage of total XP
 D = Non-vault monster count
 E = Vault monster count
 F = Vault count percentage of total count
                 A         B        C        D         E       F
            +---------+---------+-------+---------+---------+-------
      Total |   28071 |   16324 |  36.8 |     238 |      88 |  27.0
            +---------+---------+-------+---------+---------+-------
        D:1 |      23 |       0 |   0.0 |      14 |       0 |   0.0
        D:2 |     132 |      35 |  21.0 |      10 |      11 |  52.4
        D:3 |      36 |      45 |  55.6 |      19 |       5 |  20.8
        D:4 |     169 |       0 |   0.0 |      19 |       0 |   0.0
        D:5 |     417 |     497 |  54.4 |      19 |       2 |   9.5
        D:6 |     774 |     179 |  18.8 |      19 |       3 |  13.6
        D:7 |    1132 |       0 |   0.0 |      39 |       0 |   0.0
        D:8 |    2204 |    2434 |  52.5 |      10 |      13 |  56.5
        D:9 |    3236 |     449 |  12.2 |      31 |       1 |   3.1
       D:10 |    3997 |    3904 |  49.4 |      23 |      23 |  50.0
       D:11 |    4968 |       0 |   0.0 |      12 |       0 |   0.0
       D:12 |    1483 |    3094 |  67.6 |       4 |       3 |  42.9
       D:13 |    6521 |       0 |   0.0 |      12 |       0 |   0.0
       D:14 |    2140 |    2190 |  50.6 |       6 |       5 |  45.5
     Bailey |       0 |    1020 | 100.0 |       0 |      16 | 100.0
   Gauntlet |       0 |    2477 | 100.0 |       0 |       6 | 100.0
      Arena |     839 |       0 |   0.0 |       1 |       0 |   0.0
            +---------+---------+-------+---------+---------+-------

Illustrated notes

Table legend:
 A = Kills in this place as a percentage of kills in entire the game.
 B = Kills by you in this place as a percentage of kills by you in the entire game.
 C = Kills by friends in this place as a percentage of kills by friends in the entire game.
 D = Other kills in this place as a percentage of other kills in the entire game.
 E = Experience gained in this place as a percentage of experience gained in the entire game.
 F = Experience gained in this place divided by the number of levels of this place that you have seen.
                   A       B       C       D       E      F
               +-------+-------+-------+-------+-------+----------------------
         Total | 100.0 | 100.0 |   N/A | 100.0 | 100.0 | 2466.4
       Dungeon |  92.9 |  92.9 |   N/A | 100.0 |  90.2 | 2861.4
        Bailey |   4.9 |   4.9 |   N/A |   0.0 |   2.3 | 1020.0
      Gauntlet |   1.8 |   1.8 |   N/A |   0.0 |   5.6 | 2477.0
         Arena |   0.3 |   0.3 |   N/A |   0.0 |   1.9 | 839.0
               +-------+-------+-------+-------+-------+----------------------

Table legend: (Time is in decaauts)
 A = Elapsed time spent in this place.
 B = Non-inter-level travel time spent in this place.
 C = Inter-level travel time spent in this place.
 D = Time resting spent in this place.
 E = Time spent auto-exploring this place.
 F = Levels seen in this place.
 G = Mean time per level.
                   A        B        C        D        E       F      G
               +--------+--------+--------+--------+--------+-----+--------+
         Total |  13343 |  12868 |    475 |    479 |   9610 |  18 |  741.3 |
       Dungeon |  12285 |  11849 |    436 |    332 |   9064 |  14 |  877.5 |
        Temple |    224 |    185 |     39 |      0 |    179 |   1 |  224.0 |
        Bailey |    422 |    422 |      0 |     99 |    191 |   1 |  422.0 |
      Gauntlet |    388 |    388 |      0 |     34 |    175 |   1 |  388.0 |
         Arena |     22 |     22 |      0 |     14 |      0 |   1 |   22.0 |
               +--------+--------+--------+--------+--------+-----+--------+

Top non-repeatable levels by time:
     D:8: 1235 daAuts
     D:3: 1109 daAuts
    D:13: 1106 daAuts
    D:10: 1084 daAuts
     D:6: 1082 daAuts
    D:11: 1082 daAuts
     D:5: 946 daAuts
     D:7: 932 daAuts
    D:12: 841 daAuts
     D:9: 767 daAuts
     D:4: 717 daAuts
     D:2: 649 daAuts
     D:1: 566 daAuts
  Bailey: 422 daAuts
Gauntlet: 388 daAuts
